 Dungeon Crawl Stone Soup version 0.20-a0-454-g2b43fbb (webtiles) character file.

159 HarleyQuinn the Slasher (level 5, 0/41 HPs)
             Began as a Formicid Fighter on Jan 8, 2017.
             Slain by an orc wizard
             ... wielding a +0 dagger
              (2 damage)
             ... on level 4 of the Dungeon.
             The game lasted 00:04:21 (2368 turns).

HarleyQuinn the Slasher (Formicid Fighter)          Turns: 2368, Time: 00:04:21

Health: 0/41       AC: 10    Str: 21    XL:     5   Next: 68%
Magic:  5/5        EV:  5    Int:  8    God:
Gold:   167        SH:  9    Dex: 10    Spells: 4/4 levels left

rFire  + . .     SeeInvis +     a - +0 long sword
rCold  . . .     Gourm    .     k - +0 chain mail
rNeg   . . .     Faith    .     c - +0 shield
rPois  +         Spirit   .     (helmet unavailable)
rElec  .         Reflect  .     (no cloak)
rCorr  .         Harm     .     w - +0 pair of gloves (curse)
MR     .....                    (no boots)
Stlth  ..........               (no amulet)
                                B - ring of poison resistance
                                m - ring of protection from fire

@: no status effects
A: permanent stasis, dig shafts and tunnels, four strong arms, antennae 3
a: Dig, Shaft Self


You were on level 4 of the Dungeon.
You were not hungry.

You visited 1 branch of the dungeon, and saw 4 of its levels.

You collected 167 gold pieces.

Inventory:

Hand Weapons
 a - a +0 long sword (weapon)
Armour
 c - a +0 shield (worn)
 k - a +0 chain mail (worn)
 w - a cursed +0 pair of gloves (worn)
Jewellery
 m - a ring of protection from fire (left hand)
 B - a ring of poison resistance (right hand)
Wands
 u - a wand of random effects (34/48)
Scrolls
 b - 5 scrolls of identify {unknown}
 e - 4 scrolls of remove curse {unknown}
 j - 4 scrolls of teleportation {unknown}
 q - a scroll of enchant weapon {unknown}
 r - 2 scrolls of random uselessness {unknown}
 v - a scroll of fog {unknown}
 y - a scroll of blinking {unknown}
Potions
 d - a potion of might
 g - 2 potions of magic {unknown}
 i - 3 potions of flight {unknown}
 l - a potion of degeneration {unknown}
 o - a potion of curing {unknown}
 t - a potion of brilliance {unknown}
 x - a potion of resistance {unknown}
 z - a potion of berserk rage {unknown}
 A - a potion of agility {unknown}
Books
 p - a book of Minor Magic

   Spells                             Type                      Level
   a - Magic Dart                     Conjuration                  1
   b - Blink                          Translocation                2
   c - Call Imp                       Summoning                    2
   d - Repel Missiles                 Charms/Air                   2
   e - Slow                           Hexes                        2
   f - Conjure Flame                  Conjuration/Fire             3
   g - Mephitic Cloud                 Conjuration/Poison/Air       3
Comestibles
 f - 5 bread rations
 h - a meat ration
 n - a beef jerky
 s - 2 fruits
 C - a chunk of flesh


   Skills:
 - Level 3.2 Fighting
 + Level 5.4 Long Blades
 - Level 3.2 Armour
 - Level 3.6 Shields


You had 4 spell levels left.
You didn't know any spells.

Dungeon Overview and Level Annotations

Branches:
Dungeon (4/15)
 Temple: D:4-7

Altars:
Yredelemnul


Innate Abilities, Weirdness & Mutations

You cannot be hasted, slowed, berserked, paralysed or teleported.
You can dig through walls and to a lower floor.
Your four strong arms can wield two-handed weapons with a shield.
You have a pair of large antennae on your head. (SInv)


Message History

The orc priest is severely wounded.
The orc priest looks braver for a moment.
You slash the orc priest!
You kill the orc priest!
You barely miss the orc wizard.
The orc wizard hits you but does no damage.
You closely miss the orc wizard.
The orc priest mumbles some strange prayers to Beogh against you.
Beogh smites you!
* * * LOW HITPOINT WARNING * * *
The orc wizard gestures wildly while chanting.
The orc wizard seems to speed up.
You hit the orc wizard.
The orc wizard is lightly wounded.
You block the orc wizard's attack. The orc wizard hits you with a dagger.
* * * LOW HITPOINT WARNING * * *
You closely miss the orc wizard.
The orc wizard is lightly wounded.
The orc wizard hits you with a dagger.
You die...

.. ####.....# #......#
.).#....###.# #......#
...#.##.# #.####......#
.....##'###.(..'......#
##........#######......#
..........+..............
###.......######.#.....#.
#.......######.###.....
#.......+@oo.......#.#.
#.......###....###+#...
#.......# #.#### #.
#.......# #o....#
#.......# #....[#
+.......# #.....#
#.......###.....#
######....#.....#
#....#.....+


You could see an orc priest and an orc wizard.

Vanquished Creatures
  An orc priest (D:4)
  Natasha (D:3)
  A worker ant (D:4)
  2 adders
  2 worms (D:3)
  A dart slug (D:1)
  2 leopard geckos
  An orc (D:3)
  10 bats
  3 giant cockroaches
  3 goblins
  6 hobgoblins
  4 jackals (D:3)
  A quokka (D:2)
  2 ball pythons
  4 frilled lizards
  3 kobolds
  7 rats
54 creatures vanquished.

Notes
Turn   | Place    | Note
-------+----------+-------------------------------------------
     0 | D:1      | HarleyQuinn the Formicid Fighter began the quest for the Orb.
     0 | D:1      | Reached XP level 1. HP: 18/18 MP: 1/1
   215 | D:1      | Reached XP level 2. HP: 20/24 MP: 2/2
   387 | D:1      | Reached skill level 3 in Long Blades
   612 | D:2      | Reached XP level 3. HP: 27/29 MP: 3/3
  1490 | D:3      | Reached skill level 4 in Long Blades
  1490 | D:3      | Reached XP level 4. HP: 35/35 MP: 4/4
  1984 | D:3      | Noticed Natasha
  2004 | D:3      | Killed Natasha
  2004 | D:3      | Reached XP level 5. HP: 25/41 MP: 5/5
  2275 | D:4      | Found a basalt altar of Yredelemnul.
  2303 | D:4      | Reached skill level 5 in Long Blades
  2367 | D:4      | HP: 2/41 [orc wizard/dagger (3)]
  2368 | D:4      | Slain by an orc wizard

Vault maps used:
D:1:      dpeg_arrival_leaves_temple_mockup, grunt_decor_fettered,
          minmay_misc_feat_room
D:2:      minmay_door_path, first_bread
D:3:      uniq_natasha
D:4:      grunt_temple_overflow_growth_and_decay, lemuel_crystal_altar,
          grunt_qazlal_clouds

Skill      XL: |  1  2  3  4  5 |
---------------+----------------+-----
Long Blades    | 3 4 5 |  5.4
Fighting       | |  3.2
Armour         | |  3.2
Shields        | |  3.6

Action                   |  1- 3 |  4- 6 || total
-------------------------+-------+-------++-------
Melee: Long sword        |    95 |   101 ||   196
  Eat: Chunk             |     2 |     3 ||     5
Armor: Scale mail        |     8 |       ||     8
       Chain mail        |    34 |    98 ||   132
Dodge: Dodged            |    16 |    35 ||    51
Block: Shield            |    42 |    84 ||   126
       Rpst.: Long sword |     2 |    13 ||    15
